 Dungeon Crawl Stone Soup version 0.27.0-1-g7a089689b8 (webtiles) character file.

Game seed: 18330647887942936193

9719 Malachi the Thaumaturge (level 11, -6/74 HPs)
             Began as a Gnoll Wanderer on Aug 12, 2021.
             Was a Believer of Hepliaklqana.
             Mangled by a troll (11 damage)
             ... on level 9 of the Dungeon.
             The game lasted 00:34:29 (10869 turns).

Malachi the Thaumaturge (Gnoll Wanderer)           Turns: 10869, Time: 00:34:29

Health: -6/74      AC: 11    Str: 16    XL:     11   Next: 50%
Magic:  23/23      EV: 16    Int: 10    God:    Hepliaklqana [**....]
Gold:   333        SH:  0    Dex: 20    Spells: 22/26 levels left

rFire    . . .     SeeInvis .   b - +11 fustibalus of Darkness {freeze, Will+ rCorr Dex+2 Stlth+}
rCold    . . .     Faith    .   (no shield)
rNeg     + + .     Spirit   .   y - +0 steam dragon scales
rPois    .         Reflect  .   (no helmet)
rElec    +         Harm     .   (no cloak)
rCorr    +         Rampage  .   v - +0 pair of gloves
Will     ++...                  o - +2 pair of boots
Stlth    +++++.....             t - amulet of magic regeneration
HPRegen  0.22/turn              g - +6 ring of dexterity
MPRegen  0.43/turn              x - ring of Suspicion {Wiz Contam rElec rN++ Will+}

@: about to teleport, studying Unarmed Combat
A: reduced essence, fangs 1, strong nose, distributed training
a: Renounce Religion, Ancestor Life: Knight, Ancestor Life: Battlemage, Ancestor
Life: Hexer, Recall Ancestor, Ancestor Identity


You were on level 9 of the Dungeon.
You worshipped Hepliaklqana.
Hepliaklqana was pleased with you.
You visited 2 branches of the dungeon, and saw 10 of its levels.
You also visited: Bailey.

You collected 333 gold pieces.

Inventory:

Hand Weapons
 a - a +2 spear of venom
 b - the +11 fustibalus of Darkness (weapon) {freeze, Will+ rCorr Dex+2 Stlth+}
   (You acquired it on level 8 of the Dungeon)

   Any ammunition fired from it freezes those it strikes, dealing additional
   cold damage.
   It can also slow down cold-blooded creatures.
   Dex:       It affects your dexterity (+2).
   rCorr:     It protects you from acid and corrosion.
   Will:      It increases your willpower.
   Stlth:     It makes you more stealthy.
 d - the +11 hunting sling "Jafaiko" {flame, rPois Dex+4}
   (You acquired it on level 2 of the Dungeon)

   Any ammunition fired from it burns those it strikes, dealing additional fire
   damage.
   Dex:       It affects your dexterity (+4).
   rPois:     It protects you from poison.
 s - the +4 quarterstaff "Kisicwo" {drain, rF+ rC+ Str+5}
   (You found it on level 8 of the Dungeon)

   A truly terrible weapon, it drains the life of any living foe it strikes.
   Str:       It affects your strength (+5).
   rF:        It protects you from fire.
   rC:        It protects you from cold.
 F - the +9 great mace of Cheibriados's Hope {flame, Str+3}
   (You found it in a bailey)

   It burns those it strikes, dealing additional fire damage.
   Str:       It affects your strength (+3).
Missiles
 h - 140 stones (quivered ammo)
 n - 16 sling bullets
Armour
 o - a +2 pair of boots (worn)
 v - a +0 pair of gloves (worn)
 y - +0 steam dragon scales (worn)
 D - the +5 robe of Misfortune {Contam Harm *Corrode Drain *Slow EV+5}
   (You took it off a kobold in a bailey)

   EV:        It affects your evasion (+5).
   Contam:    It causes magical contamination when unequipped.
   *Corrode:  It may corrode you when you take damage.
   Drain:     It drains your maximum health when unequipped.
   *Slow:     It may slow you when you take damage.
   Harm:      It increases damage dealt and taken.
Magical Staves
 A - a staff of earth
 E - a staff of death
Jewellery
 g - a +6 ring of dexterity (left hand)
 t - an amulet of magic regeneration (around neck)
 x - the ring of Suspicion (right hand) {Wiz Contam rElec rN++ Will+}
   (You found it on level 6 of the Dungeon)

   [ring of wizardry]

   It improves your spell success rate.
   rElec:     It insulates you from electricity.
   rN:        It greatly protects you from negative energy.
   Contam:    It causes magical contamination when unequipped.
   Will:      It increases your willpower.
Wands
 l - a wand of iceblast (4)
Scrolls
 f - a scroll of enchant armour
 i - 4 scrolls of identify
 j - 2 scrolls of teleportation
 p - 2 scrolls of magic mapping
 u - a scroll of holy word
Potions
 c - 3 potions of curing
 e - a potion of lignification
 k - 2 potions of ambrosia
 m - a potion of flight
 q - 3 potions of might
 r - a potion of invisibility
 w - a potion of attraction
 z - 2 potions of haste {unknown}
 C - a potion of degeneration {unknown}
Miscellaneous
 B - a phial of floods


   Skills:
 + Level 6.9 Fighting
 + Level 6.3 Short Blades
 + Level 6.3 Long Blades
 + Level 6.3 Axes
 + Level 6.3 Maces & Flails
 + Level 6.9 Polearms
 + Level 6.3 Staves
 + Level 6.3 Slings
 + Level 6.3 Bows
 + Level 6.3 Crossbows
 + Level 6.3 Throwing
 + Level 6.3 Armour
 + Level 6.3 Dodging
 + Level 7.7 Stealth
 + Level 6.9 Shields
 + Level 8.0 Unarmed Combat
 + Level 8.2 Spellcasting
 + Level 5.2 Conjurations
 + Level 5.2 Hexes
 + Level 5.2 Summonings
 + Level 5.2 Necromancy
 + Level 5.2 Translocations
 + Level 5.2 Transmutations
 + Level 5.7 Fire Magic
 + Level 5.2 Ice Magic
 + Level 5.2 Air Magic
 + Level 6.6 Earth Magic
 + Level 5.2 Poison Magic
 + Level 7.0 Invocations
 + Level 6.3 Evocations


You had 22 spell levels left.
You knew the following spells:

 Your Spells              Type           Power      Damage    Failure   Level
a - Foxfire               Conj/Fire      60%        2x1d7     1%          1
b - Swiftness             Air            14%        N/A       2%          3

Your spell library contained the following spells:

 Spells                   Type           Power      Damage    Failure   Level
 Apportation              Tloc           28%        N/A       1%          1
 Blink                    Tloc           N/A        N/A       1%          2
 Passwall                 Tmut/Erth      12%        N/A       1%          2
 Conjure Flame            Conj/Fire      15%        6-21      2%          3
 Frozen Ramparts          Ice            28%        1d4       2%          3
 Inner Flame              Hex/Fire       15%        N/A       2%          3
 Lesser Beckoning         Tloc           7%         N/A       2%          3
 Teleport Other           Tloc           14%        N/A       2%          3
 Petrify                  Tmut/Erth      15%        N/A       6%          4
 Sticky Flame             Conj/Fire      15%        2d4       7%          4
 Cause Fear               Hex            7%         N/A       8%          4
 Ice Form                 Ice/Tmut       14%        N/A       8%          4
 Summon Ice Beast         Ice/Summ       14%        N/A       8%          4
 Fireball                 Conj/Fire      7%         3d5       19%         5
 Manifold Assault         Tloc           14%        N/A       21%         5
 Metabolic Englaciation   Hex/Ice        7%         N/A       21%         5
 Statue Form              Tmut/Erth      10%        N/A       63%         6
 Invisibility             Hex            7%         N/A       71%         6
 Dragon Form              Tmut           7%         N/A       99%         7
 Borgnjor's Revivificati  Necr           7%         N/A       100%        8
 Necromutation            Tmut/Necr      7%         N/A       100%        8
 Death's Door             Necr           7%         N/A       100%        9
 Dragon's Call            Summ           7%         N/A       100%        9


Dungeon Overview and Level Annotations

Branches:
Dungeon (9/15)             Temple (1/1) D:5          Bailey (visited)
   Lair: D:8-11         Orc: D:9-12

Altars:
Ashenzari
Cheibriados
Dithmenos
Elyvilon
Fedhas
Gozag
Hepliaklqana
Kikubaaqudgha
Makhleb
Nemelex Xobeh
Okawaru
Qazlal
Ru
Sif Muna
Trog
Uskayaw
Vehumet
Wu Jian
Xom
Yredelemnul
Zin
The Shining One


Innate Abilities, Weirdness & Mutations

Your life essence is reduced to manifest your ancestor. (-10% HP)
You have very sharp teeth.
Your uncanny sense of smell can sniff out nearby items.
Your experience applies equally to all skills.


Message History

The killer bee stings you but does no damage. x2
The killer bee stings you. The killer bee completely misses you.
The troll closely misses you. The troll claws you.
The troll claws you but does no damage.
Fire: 142 stones
Press: ? - help, Q - select action, (/) - cycle Shift-Dir - straight line, f/p - troll
Aim: a troll (lightly wounded, 74% to hit)
You shoot a stone. The stone hits the troll.
The stone freezes the troll.
The troll is lightly wounded.
You feel sick. The killer bee stings you.
You are more poisoned.
The killer bee poisons you! The killer bee closely misses you.
The killer bee stings you but does no damage.
The killer bee completely misses you. The troll barely misses you.
The troll claws you but does no damage. x2
Fire: 141 stones
Press: ? - help, Q - select action, (/) - cycle Shift-Dir - straight line, f/p - troll
Aim: a troll (lightly wounded, 74% to hit)
You shoot a stone. The stone hits the troll!
The stone freezes the troll.
The troll is heavily wounded.
You feel very sick. The killer bee barely misses you.
The killer bee stings you. The killer bee misses you.
The killer bee stings you but does no damage.
The troll bites you!
* * * LOW HITPOINT WARNING * * *
The troll closely misses you. The troll claws you!
* * * LOW HITPOINT WARNING * * *
You feel better. The killer bee closely misses you. The killer bee stings you.
* * * LOW HITPOINT WARNING * * *
The killer bee stings you but does no damage.
The killer bee barely misses you. The troll misses you. The troll claws you.
* * * LOW HITPOINT WARNING * * *
The troll barely misses you.
As you read the scroll of teleportation, it crumbles to dust.
You feel strangely unstable. The killer bee misses you.
The killer bee stings you but does no damage.
The killer bee completely misses you. The killer bee barely misses you.
The troll closely misses you. The troll claws you!
You die...

##............
##............#
##.....#......##
#....###.....##
##...## ##...##
##...## #####
##...## ##...## #
##.T@## .# ##..yy#
..# ######.(...#
... ##....8((...#
...# #.....(.....#
)... #..8((...8..#
....##...........#
....[#...........#
.....#.8...∩...8.#


You could see a troll and 2 killer bees.

Vanquished Creatures
  A centaur warrior (D:8)
  2 two-headed ogres
  An orc knight (Bailey)
  A manticore (D:8)
  Prince Ribbit (D:5)
  Sigmund (D:4)
  A shadow (D:8)
  Eustachio (D:4)
  9 yaks
  2 steam dragons
  The ghost of zxcv the Magician, an amateur DjWz (D:3)
  Edmund (D:5)
  Menkaure (D:7)
  A water moccasin (D:6)
  A black bear (D:4)
  4 orc warriors (Bailey)
  A sky beast (D:7)
  2 necrophages
  4 ogres
  2 centaurs
  2 kobold brigands
  Blork the orc (D:5)
  A gnoll sergeant (D:8)
  3 scorpions
  A bullfrog (D:7)
  6 killer bees
  4 howler monkeys
  8 electric eels (D:6)
  2 centaur zombies
  4 quasits (D:3)
  A hound (D:5)
  3 orc priests
  3 jellies
  2 bullfrog skeletons
  2 centaur skeletons
  3 iguanas
  Ijyb (D:4)
  2 orc wizards
  A hound skeleton (D:5)
  11 adders
  14 gnolls
  A howler monkey skeleton (D:4)
  A howler monkey zombie (D:8)
  3 white imps
  An ufetubus (D:5)
  An adder skeleton (D:4)
  2 dart slugs
  18 orcs
  5 ball pythons
  4 bats
  9 endoplasms
  6 giant cockroaches
  7 goblins
  13 hobgoblins
  3 jackals (D:1)
  30 kobolds
  6 quokkas
  3 frilled lizards
  4 rats
230 creatures vanquished.

Vanquished Creatures (collateral kills)
  An ugly thing (D:8)
  2 yaks (D:7)
  A killer bee (D:9)
  A howler monkey (D:8)
5 creatures vanquished.

Vanquished Creatures (others)
  4 ancestors
  An orc (D:6)
  12 foxfires (D:1)
  14 plants
31 creatures vanquished.

Grand Total: 266 creatures vanquished

Notes
Turn   | Place    | Note
-------+----------+-------------------------------------------
     0 | D:1      | Malachi the Gnoll Wanderer began the quest for the Orb.
     0 | D:1      | Malachi set off with the following items: a +0 dagger, a +0
                  | robe, a potion of curing; and the following spells
                  | available to memorise: Foxfire, Apportation, Conjure Flame,
                  | Inner Flame, Teleport Other, Sticky Flame, Fireball
     0 | D:1      | Reached XP level 1. HP: 17/17 MP: 6/6
     2 | D:1      | Learned a level 1 spell: Foxfire
   228 | D:1      | Reached XP level 2. HP: 23/23 MP: 7/7
   675 | D:1      | Found a faded altar of an unknown god.
   995 | D:1      | Reached XP level 3. HP: 28/28 MP: 9/9
  1158 | D:2      | Reached skill level 5 in Spellcasting
  1190 | D:2      | Reached skill level 1 in Invocations
  1452 | D:2      | Reached skill level 1 in Short Blades
  1452 | D:2      | Reached skill level 1 in Long Blades
  1452 | D:2      | Reached skill level 1 in Axes
  1452 | D:2      | Reached skill level 1 in Maces & Flails
  1452 | D:2      | Reached skill level 1 in Staves
  1452 | D:2      | Reached skill level 1 in Slings
  1452 | D:2      | Reached skill level 1 in Bows
  1452 | D:2      | Reached skill level 1 in Crossbows
  1452 | D:2      | Reached skill level 1 in Throwing
  1452 | D:2      | Reached skill level 1 in Armour
  1452 | D:2      | Reached skill level 1 in Dodging
  1452 | D:2      | Reached skill level 1 in Unarmed Combat
  1452 | D:2      | Reached skill level 1 in Evocations
  1452 | D:2      | Reached XP level 4. HP: 26/34 MP: 11/11
  2121 | D:2      | Identified a scroll of acquirement
  2121 | D:2      | Acquired the +11 hunting sling "Jafaiko" {flame, rPois
                  | Dex+4}
  2370 | D:3      | Found a transporter.
  2375 | D:3      | Noticed zxcv's ghost (amateur DjWz)
  2393 | D:3      | Found a transporter.
  2428 | D:3      | Reached skill level 1 in Conjurations
  2428 | D:3      | Reached skill level 1 in Hexes
  2428 | D:3      | Reached skill level 1 in Summonings
  2428 | D:3      | Reached skill level 1 in Necromancy
  2428 | D:3      | Reached skill level 1 in Translocations
  2428 | D:3      | Reached skill level 1 in Transmutations
  2428 | D:3      | Reached skill level 1 in Ice Magic
  2428 | D:3      | Reached skill level 1 in Air Magic
  2428 | D:3      | Reached skill level 1 in Poison Magic
  2447 | D:3      | Lost dexterity.
  2448 | D:3      | Reached XP level 5. HP: 40/40 MP: 12/12
  2461 | D:3      | Killed zxcv's ghost
  2462 | D:3      | Reached XP level 6. HP: 19/47 MP: 13/13
  3472 | D:4      | Noticed a necrophage
  3478 | D:4      | Killed a necrophage
  3479 | D:4      | Reached XP level 7. HP: 52/52 MP: 15/15
  3540 | D:4      | Noticed a yak
  3575 | D:4      | Noticed Ijyb
  3579 | D:4      | Noticed a yak
  3581 | D:4      | Noticed a yak
  3886 | D:4      | Reached skill level 5 in Stealth
  4172 | D:4      | Killed a yak
  4173 | D:4      | Reached XP level 8. HP: 60/60 MP: 16/16
  4174 | D:4      | Noticed a yak
  4174 | D:4      | Noticed a yak
  4175 | D:4      | Noticed a yak
  4195 | D:4      | Killed a yak
  4199 | D:4      | Killed a yak
  4204 | D:4      | Killed a yak
  4207 | D:4      | Killed a yak
  4209 | D:4      | Killed a yak
  4210 | D:4      | Reached skill level 5 in Earth Magic
  4210 | D:4      | Reached XP level 9. HP: 26/66 MP: 18/18
  4671 | D:4      | Noticed Eustachio
  4684 | D:4      | Killed Eustachio
  4897 | D:4      | Noticed Sigmund
  4934 | D:4      | Killed Sigmund
  5069 | D:4      | Killed Ijyb
  5070 | D:4      | Reached skill level 5 in Fighting
  5070 | D:4      | Reached skill level 5 in Polearms
  5070 | D:4      | Reached skill level 5 in Shields
  5579 | D:5      | Entered Level 5 of the Dungeon
  5866 | D:5      | Found a sacrificial altar of Ru.
  5962 | D:5      | Noticed Prince Ribbit
  5968 | D:5      | Killed Prince Ribbit
  5968 | D:5      | Noticed Edmund
  5973 | D:5      | Killed Edmund
  5974 | D:5      | Reached skill level 5 in Invocations
  6047 | D:5      | Noticed Blork the orc
  6051 | D:5      | Killed Blork the orc
  6149 | D:5      | Reached skill level 5 in Unarmed Combat
  6249 | D:5      | Found an ancient bone altar of Kikubaaqudgha.
  6249 | D:5      | Found a broken altar of Ashenzari.
  6249 | D:5      | Found a bloodstained altar of Trog.
  6249 | D:5      | Found a shadowy altar of Dithmenos.
  6257 | D:5      | Found an ornate altar of the Wu Jian Council.
  6257 | D:5      | Found a snail-covered altar of Cheibriados.
  6346 | D:5      | Found a staircase to the Ecumenical Temple.
  6614 | Temple   | Entered the Ecumenical Temple
  6844 | Temple   | Became a worshipper of Hepliaklqana the Forgotten
  7007 | D:6      | Reached XP level 10. HP: 67/74 MP: 20/20
  7111 | D:6      | Identified the ring of Suspicion {Wiz Contam rElec rN++
                  | Will+}
  7653 | D:6      | Reached skill level 5 in Short Blades
  7653 | D:6      | Reached skill level 5 in Long Blades
  7653 | D:6      | Reached skill level 5 in Axes
  7653 | D:6      | Reached skill level 5 in Maces & Flails
  7653 | D:6      | Reached skill level 5 in Staves
  7653 | D:6      | Reached skill level 5 in Slings
  7653 | D:6      | Reached skill level 5 in Bows
  7653 | D:6      | Reached skill level 5 in Crossbows
  7653 | D:6      | Reached skill level 5 in Throwing
  7653 | D:6      | Reached skill level 5 in Armour
  7653 | D:6      | Reached skill level 5 in Dodging
  7653 | D:6      | Reached skill level 5 in Evocations
  8776 | D:7      | Noticed Menkaure
  8779 | D:7      | Killed Menkaure
  8951 | D:7      | Noticed a two-headed ogre
  8957 | D:7      | Killed a two-headed ogre
  8958 | D:7      | Reached skill level 5 in Fire Magic
  9047 | D:7      | Reached * piety under Hepliaklqana
  9571 | D:8      | Noticed a manticore
  9575 | D:8      | Noticed a centaur warrior
  9579 | D:8      | Noticed a two-headed ogre
  9607 | D:8      | Killed a centaur warrior
  9608 | D:8      | Reached XP level 11. HP: 52/74 MP: 22/22
  9729 | D:8      | Killed a manticore
  9807 | D:8      | Killed a two-headed ogre
  9808 | D:8      | Reached skill level 5 in Conjurations
  9808 | D:8      | Reached skill level 5 in Hexes
  9808 | D:8      | Reached skill level 5 in Summonings
  9808 | D:8      | Reached skill level 5 in Necromancy
  9808 | D:8      | Reached skill level 5 in Translocations
  9808 | D:8      | Reached skill level 5 in Transmutations
  9808 | D:8      | Reached skill level 5 in Ice Magic
  9808 | D:8      | Reached skill level 5 in Air Magic
  9808 | D:8      | Reached skill level 5 in Poison Magic
  9852 | D:8      | Identified the +4 quarterstaff "Kisicwo" {drain, rF+ rC+
                  | Str+5}
  9860 | D:8      | Identified the +1 chain mail of the Tormentor {Stlth+}
  9865 | D:8      | Learned a level 3 spell: Swiftness
  9941 | D:8      | Noticed a cyan ugly thing
  9948 | D:8      | Killed a cyan ugly thing
 10158 | D:8      | Acquired the +11 fustibalus of Darkness {freeze, Will+
                  | rCorr Dex+2 Stlth+}
 10222 | D:9      | Noticed a catoblepas
 10278 | D:9      | Found a flagged portal.
 10289 | Bailey   | Entered a bailey
 10444 | Bailey   | Reached ** piety under Hepliaklqana
 10508 | Bailey   | Noticed an orc knight
 10549 | Bailey   | Killed an orc knight
 10658 | Bailey   | Identified the +9 great mace of Cheibriados's Hope {flame,
                  | Str+3}
 10869 | D:9      | Mangled by a troll

Illustrated notes

Levels and vault maps discovered:
D:1:      onia_arrival_pyramid, layout_loops_cross,
          shapermc_ecumenical_altar_ellora
D:2:      layout_basic, serial_bayou, serial_bayou_lake_a, serial_bayou_pond_d,
          serial_bayou_shore_a, serial_bayou_crossing, minmay_between
D:3:      layout_rooms, gammafunk_ghost_stat_death
D:4:      layout_layer_cave, minmay_manual_mail, uniq_eustachio, uniq_sigmund,
          uniq_ijyb
D:5:      layout_cave_pools, nicolae_ru_sacrificial_ziggurat,
          minmay_overflow_temple_hex, minmay_temple_entry_poolview,
          minmay_crossroads, uniq_prince_ribbit1, uniq_edmund,
          uniq_blork_the_orc
D:6:      wad_lake_hut, layout_rooms
D:7:      layout_loops_ring, chequers_serial_rivers_room_a, uniq_menkaure,
          uniq_duvessa
D:8:      layout_rooms, serial_curves, eino_curves_04, eino_curves_03,
          minmay_diamond_spiral
D:9:      layout_layer_cave, enter_bailey_6, chequers_serial_rivers_marsh
Temple:   regret_index_temple_waves

Skill      XL: |  1  2  3  4  5  6  7  8  9 10 11 |
---------------+----------------------------------+-----
Fire Magic     | 2 3 4 5 |  5.7
Spellcasting   | 5 6 7 8 |  8.2
Invocations    | 1 2 3 4 5 6 7 |  7.0
Short Blades   | 1 2 3 4 5 6 |  6.3
Long Blades    | 1 2 3 4 5 6 |  6.3
Axes           | 1 2 3 4 5 6 |  6.3
Maces & Flails | 1 2 3 4 5 6 |  6.3
Staves         | 1 2 3 4 5 6 |  6.3
Slings         | 1 2 3 4 5 6 |  6.3
Bows           | 1 2 3 4 5 6 |  6.3
Crossbows      | 1 2 3 4 5 6 |  6.3
Throwing       | 1 2 3 4 5 6 |  6.3
Armour         | 1 2 3 4 5 6 |  6.3
Dodging        | 1 2 3 4 5 6 |  6.3
Unarmed Combat | 1 2 3 5 7 8 |  8.0
Evocations     | 1 2 3 4 5 6 |  6.3
Conjurations   | 1 2 3 4 5 |  5.2
Hexes          | 1 2 3 4 5 |  5.2
Summonings     | 1 2 3 4 5 |  5.2
Necromancy     | 1 2 3 4 5 |  5.2
Translocations | 1 2 3 4 5 |  5.2
Transmutations | 1 2 3 4 5 |  5.2
Ice Magic      | 1 2 3 4 5 |  5.2
Air Magic      | 1 2 3 4 5 |  5.2
Poison Magic   | 1 2 3 4 5 |  5.2
Fighting       | 3 4 5 6 |  6.9
Polearms       | 3 4 5 6 |  6.9
Shields        | 3 4 5 6 |  6.9
Earth Magic    | 4 5 6 |  6.6
Stealth        | 5 6 7 |  7.7

Action                   |  1- 3 |  4- 6 |  7- 9 | 10-12 || total
-------------------------+-------+-------+-------+-------++-------
Melee: Dagger            |    92 |   104 |     3 |       ||   199
       Bite              |     7 |     6 |       |       ||    13
 Fire: Hunting sling     |       |    26 |   214 |   174 ||   414
       Fustibalus        |       |       |       |    86 ||    86
 Cast: Foxfire           |     7 |       |       |       ||     7
       Swiftness         |       |       |       |     4 ||     4
Invok: Ancestor Identity |       |       |       |     1 ||     1
       Recall Ancestor   |       |       |       |     2 ||     2
  Use: Scroll            |       |     6 |     5 |     5 ||    16
       Potion            |       |     7 |     1 |     4 ||    12
 Stab: Sleeping          |     6 |       |       |       ||     6
Armor: Robe              |    13 |       |       |       ||    13
       Plate armour      |    33 |   164 |    42 |     5 ||   244
       Skin              |       |   419 |       |       ||   419
       Steam dragon scal |       |       |       |    37 ||    37
Dodge: Dodged            |    34 |    64 |    16 |    73 ||   187
